Map: Automaton LE

Players

Methodape

  • Race: Terran Terran
  • League: Master
  • Spawn Location: 9:00

A.I. 1 (Very Easy) - Winner!

  • Race: Terran Terran
  • Spawn Location: 3:00

VOD

Have the link to the VOD?

Description

Time

  • Played on: Jan. 20, 2019, 12:22 p.m.
  • Length: 10:30
Show
View Real Time Build Order
Export as new Build Order

Methodape Terran 

Build Orders: Mech 

Get SALT Encoding   

  12  0:01  SCV  
  13  0:13  SCV  
  14  0:18  Supply Depot  
  14  0:25  SCV  
  15  0:30  Refinery  
  15  0:40  SCV  
  16  0:47  Barracks  
  16  0:52  SCV  
  17  1:05  SCV  
  18  1:17  SCV  
  20  1:34  Reaper, Orbital Command  
  20  1:50  Command Center  
  20  2:01  SCV  
  21  2:06  Factory  
  21  2:13  SCV, Refinery  
  22  2:21  Barracks Tech Lab  
  22  2:24  Supply Depot  
  22  2:26  SCV  
  23  2:46  SCV  
  24  2:51  Starport  
  24  2:58  SCV  
  25  3:00  Cyclone  
  25  3:04  Orbital Command  
  28  3:07  Barracks Tech Lab  
  28  3:10  SCV  
  29  3:23  SCV  
  30  3:32  Hellion  
  32  3:37  Raven  
  32  3:38  SCV x2  
  36  3:43  Supply Depot  
  36  3:48  Barracks Reactor  
  36  3:50  SCV  
  36  3:51  SCV  
  36  3:54  Hellion  
  40  4:00  Command Center  
  40  4:02  SCV  
  41  4:07  SCV  
  42  4:15  Siege Tank, SCV  
  46  4:18  Refinery  
  46  4:20  Refinery  
  46  4:22  SCV  
  47  4:27  SCV  
  48  4:33  Supply Depot  
  48  4:34  SCV  
  48  4:36  Viking  
  48  4:38  Viking  
  53  4:39  SCV  
  54  4:52  Engineering Bay  
  54  4:55  Siege Tank, SCV x2  
  54  4:57  Liberator, Supply Depot  
  59  5:07  SCV, Viking  
  59  5:11  SCV  
  59  5:13  Orbital Command  
  63  5:19  SCV  
  67  5:24  Missile Turret  
  67  5:25  SCV  
  67  5:28  Supply Depot  
  68  5:31  Siege Tank  
  68  5:33  SCV  
  72  5:36  Missile Turret  
  72  5:38  SCV  
  73  5:42  Viking  
  73  5:43  Orbital Command  
  73  5:45  SCV  
  76  5:50  SCV  
  78  5:57  SCV  
  78  5:58  Refinery  
  78  6:01  Viking  
  80  6:07  Siege Tank  
  80  6:08  SCV  
  80  6:10  Factory  
  84  6:13  Refinery  
  84  6:16  SCV  
  84  6:17  SCV  
  86  6:22  SCV  
  87  6:25  Armory  
  87  6:28  SCV, Armory  
  87  6:31  Supply Depot  
  87  6:32  Infernal Pre-Igniter, Supply Depot  
  88  6:35  SCV  
  88  6:38  Viking  
  88  6:39  SCV  
  92  6:44  SCV  
  93  6:52  Siege Tank, SCV  
  97  6:58  SCV  
  97  6:59  Factory, Barracks Reactor  
  97  7:01  SCV  
  99  7:03  Supply Depot  
  99  7:08  Siege Tank, SCV  
  103  7:11  Viking  
  103  7:13  SCV  
  103  7:14  Supply Depot x2  
  106  7:19  SCV  
  106  7:20  SCV  
  108  7:25  SCV  
  108  7:26  Siege Tank  
  108  7:27  Supply Depot  
  112  7:30  Terran Vehicle And Ship Armor Level 1, Terran Vehicle Weapons Level 1  
  112  7:32  SCV  
  112  7:36  SCV  
  114  7:37  SCV  
  114  7:38  Supply Depot  
  115  7:44  SCV  
  115  7:47  Factory  
  115  7:48  SCV  
  115  7:49  SCV  
  115  7:50  Hellion x2, Siege Tank  
  125  7:52  Supply Depot  
  125  7:56  SCV, Barracks Tech Lab  
  125  7:58  Factory, Viking  
  128  8:00  SCV  
  128  8:02  Viking  
  128  8:04  SCV  
  132  8:08  SCV, Supply Depot  
  132  8:09  Siege Tank  
  132  8:12  Missile Turret  
  136  8:17  Hellion x2  
  136  8:18  SCV  
  136  8:19  SCV  
  142  8:27  Siege Tank  
  142  8:28  Command Center  
  142  8:29  SCV, Viking  
  142  8:33  SCV x2  
  150  8:41  Starport, SCV  
  150  8:42  Hellion x2, Siege Tank  
  158  8:50  Factory Reactor  
  158  8:51  Siege Tank  
  158  8:54  Viking  
  163  8:57  SCV x2  
  163  8:58  Missile Turret  
  163  8:59  Missile Turret  
  167  9:02  Hellion  
  167  9:06  Hellion x2, Supply Depot  
  167  9:08  Barracks Reactor, Supply Depot  
  167  9:09  Viking  
  173  9:11  SCV x2  
  175  9:17  Siege Tank  
  178  9:25  Command Center  
  178  9:26  Siege Tank  
  178  9:27  Viking  
  183  9:34  Hellion x2  
  187  9:42  Hellion  
  187  9:44  Viking  
  191  9:49  SCV  
  192  9:53  Siege Tank  
  192  9:54  Hellion  
  192  9:56  Hellion  
  199  10:18  Starport x2  
  199  10:21  Starport  
Show
View Real Time Build Order
Export as new Build Order

A.I. 1 (Very Easy) Terran - Winner!

Build Orders: Reaper Expand 

Get SALT Encoding   

  12  0:00  SCV  
  13  0:13  SCV  
  14  0:19  Supply Depot  
  14  0:41  Barracks  
  14  1:06  Command Center  
  14  1:30  Orbital Command  
  14  1:31  Marine  
  15  1:34  Supply Depot  
  15  1:41  Refinery  
  15  1:52  Refinery  
  15  1:56  SCV  
  16  2:08  SCV  
  17  2:20  SCV  
  17  2:21  Reaper, SCV  
  20  2:32  SCV  
  20  2:36  SCV  
  22  2:44  SCV  
  22  2:50  SCV  
  24  2:57  SCV, Refinery  
  25  3:01  Marine  
  25  3:04  SCV  
  27  3:11  SCV  
  28  3:19  Factory, SCV  
  28  3:42  Marine  
  28  3:43  Refinery  
  28  3:46  SCV  
  30  3:53  SCV  
  31  4:00  SCV  
  32  4:03  Supply Depot  
  32  4:06  Starport  
  32  4:07  SCV  
  33  4:15  SCV  
  34  4:22  SCV  
  34  4:23  Reaper  
  36  4:29  SCV  
  37  4:36  SCV  
  38  4:43  SCV  
  38  4:45  Starport Tech Lab  
  39  4:47  Supply Depot  
  39  4:51  SCV  
  40  4:56  Barracks Tech Lab  
  40  4:58  SCV  
  41  5:05  Raven, SCV  
  44  5:12  SCV  
  45  5:14  Marine  
  45  5:19  SCV  
  47  5:26  SCV  
  48  5:48  Raven  
  50  5:55  Marine  
  51  6:18  SCV  
  51  6:36  Marauder  
  53  7:03  SCV  
  53  8:02  SCV  
Tags
 
Composition
Mech
League
Master
Matchup
TvT
Race
Terran
Spawn Locations
Cross Positions
Add a new tag
Caveats
  • Supply blocks, unpowered buildings, or Contaminate may cause inaccurate times.
  • Supply counts are checked every 10 seconds.